 Dungeon Crawl Stone Soup version 0.20.1-1-g8b1a95d (webtiles) character file.

126 dohliylev the Covert (level 4, 0/30 HPs)
             Began as a Vampire Enchanter on Dec 21, 2017.
             Was a Follower of Kikubaaqudgha.
             Slain by a worker ant (5 damage)
             ... on level 4 of the Dungeon.
             The game lasted 00:07:11 (1445 turns).

dohliylev the Covert (Vampire Enchanter)            Turns: 1445, Time: 00:07:12

Health: 0/30       AC:  2    Str:  7    XL:     4   Next: 84%
Magic:  0/7        EV: 18    Int: 18    God:    Kikubaaqudgha [*.....]
Gold:   51         SH:  0    Dex: 19    Spells: 1/7 levels left

rFire    + . .     SeeInvis +   a - +1 dagger
rCold    + . .     Gourm    .   (no shield)
rNeg     + . .     Faith    .   b - +0 robe
rPois    +         Spirit   +   (no helmet)
rElec    +         Reflect  .   (no cloak)
rCorr    +         Harm     .   (no gloves)
MR       .....                  (no boots)
Stlth    +++++.....             e - amulet of guardian spirit
Regen    0.1/turn               (no ring)
MPRegen  0.1/turn               (no ring)

@: agile, lethally poisoned (0 -> -4), resistant
A: fangs 3, see invisible, unbreathing
a: Bat Form, Receive Corpses, Renounce Religion


You were on level 4 of the Dungeon.
You worshipped Kikubaaqudgha.
Kikubaaqudgha was aware of your devotion.
You were not thirsty.

You visited 1 branch of the dungeon, and saw 3 of its levels.

You collected 51 gold pieces.

Inventory:

Hand Weapons
 a - a +1 dagger (weapon)
Armour
 b - a +0 robe (worn)
Jewellery
 e - an amulet of guardian spirit (around neck)
Wands
 m - a wand of flame (33/48)
Scrolls
 g - a scroll of remove curse {unknown}
 h - a scroll of teleportation {unknown}
 k - a scroll of fog {unknown}
 l - a scroll of noise {unknown}
Potions
 d - 18 potions of blood
 n - a potion of agility
Books
 c - a book of Maledictions

   Spells                             Type                      Level
   a - Corona                         Hexes                        1
   b - Ensorcelled Hibernation        Hexes/Ice                    2
   c - Confuse                        Hexes                        3
   d - Tukima's Dance                 Hexes                        3
   e - Dazzling Spray                 Conjuration/Hexes            3
 j - Kikubaaqudgha's Disquisition on Unholy Rituals
   (Kikubaaqudgha gifted it to you on level 2 of the Dungeon)

   Spells                             Type                      Level
   a - Animate Skeleton               Necromancy                   1
   b - Corpse Rot                     Necromancy                   2
   c - Sublimation of Blood           Necromancy                   2
   d - Vampiric Draining              Necromancy                   3
   e - Control Undead                 Necromancy                   4


   Skills:
 - Level 1.1 Short Blades
 - Level 2.1 Dodging
 - Level 8.0 Stealth
 + Level 2.0 Spellcasting
 - Level 4.5 Hexes
 - Level 1.4 Ice Magic


You had one spell level left.
You knew the following spells:

 Your Spells              Type           Power        Failure   Level  Hunger
a - Corona                Hex            ###....      2%          1    #......
b - Ensorcelled Hibernat  Hex/Ice        ##....       8%          2    ###....
c - Confuse               Hex            ###.....     9%          3    ###....


Dungeon Overview and Level Annotations

Branches:
Dungeon (2/15)

Altars:
Kikubaaqudgha
Nemelex Xobeh
Qazlal


Innate Abilities, Weirdness & Mutations

You have razor-sharp teeth.
You have supernaturally acute eyesight. (SInv)
You can survive without breathing.


Message History

It was a potion of curing.
You feel better. The worker ant misses you.
It was a potion of resistance.
You feel protected. The worker ant bites you.
* * * LOW HITPOINT WARNING * * *
You are poisoned.
The worker ant poisons you!
Casting: Ensorcelled Hibernation
Confirm with . or Enter, or press ? or * to list all spells.
Aiming: Corona
Press: ? - help, Shift-Dir - straight line, f - worker ant
Aim: a worker ant (heavily wounded, chance to defeat MR: 65%)
The worker ant is outlined in light.
* * * LOW HITPOINT WARNING * * *
You feel sick. The worker ant closely misses you.
You hit the worker ant but do no damage.
The worker ant is heavily wounded.
The worker ant misses you. The worker ant bites you.
You die...
Kikubaaqudgha rasps: "You have failed me!
Welcome... oblivion!"

#.....# #.# ####..#
#.# ... .. #..#
######.###.#. .#.
####..# #........#..
.... ......#
#.##.....#.......
####.##
#.###....#.#...#.
#.####.####.#.#.......
#.........#.#.#.......
######.##....@a..#
#.........###
######.##... #. #####
#. #


You could see a worker ant.

Vanquished Creatures
  A scorpion (D:4)
  2 adders
  A worm (D:2)
  A leopard gecko (D:2)
  An orc (D:4)
  6 bats
  12 goblins
  8 hobgoblins
  5 jackals (D:1)
  A quokka (D:2)
  2 ball pythons
  3 frilled lizards
  2 kobolds
  6 rats
51 creatures vanquished.

Notes
Turn   | Place    | Note
-------+----------+-------------------------------------------
     0 | D:1      | dohliylev the Vampire Enchanter began the quest for the Orb.
     0 | D:1      | Reached XP level 1. HP: 13/13 MP: 3/3
    55 | D:1      | Reached skill level 5 in Stealth
    62 | D:1      | Reached XP level 2. HP: 7/19 MP: 1/5
   189 | D:1      | Learned a level 2 spell: Ensorcelled Hibernation
   298 | D:1      | Reached skill level 6 in Stealth
   458 | D:1      | Reached XP level 3. HP: 16/24 MP: 2/6
   577 | D:1      | Learned a level 3 spell: Confuse
   651 | D:1      | Found a stormy altar of Qazlal.
   699 | D:2      | Found a faded altar of an unknown god.
   873 | D:2      | Became a worshipper of Kikubaaqudgha
   873 | D:2      | Reached * piety under Kikubaaqudgha
   873 | D:2      | Identified Kikubaaqudgha's Disquisition on Unholy Rituals (Kikubaaqudgha gifted it to you on level 2 of the Dungeon)
   873 | D:2      | Received a gift from Kikubaaqudgha
  1068 | D:2      | Reached skill level 7 in Stealth
  1260 | D:2      | Found a sparkling altar of Nemelex Xobeh.
  1291 | D:2      | You fall through a shaft for 2 floors!
  1314 | D:4      | Reached XP level 4. HP: 30/30 MP: 7/7
  1386 | D:4      | Reached skill level 8 in Stealth
  1386 | D:4      | Reached skill level 1 in Ice Magic
  1445 | D:4      | Slain by a worker ant

Skill      XL: |  1  2  3  4 |
---------------+-------------+-----
Stealth        | 5 6 7 8 |  8.0
Ice Magic      | 1 |  1.4
Short Blades   | |  1.1
Dodging        | |  2.1
Spellcasting   | |  2.0
Hexes          | |  4.5

Action                   |  1- 3 |  4- 6 || total
-------------------------+-------+-------++-------
Melee: Dagger            |   135 |    24 ||   159
       Bite              |     7 |       ||     7
 Cast: Corona            |     8 |     1 ||     9
       Ensorcelled Hiber |    23 |     4 ||    27
  Use: Potion            |       |     4 ||     4
 Stab: Sleeping          |    26 |     2 ||    28
  Eat: Corpse            |     5 |     1 ||     6
Armor: Robe              |    30 |     1 ||    31
Dodge: Dodged            |   118 |    22 ||   140
